Ergoti, chaotic male elven Ranger ---- |..--- |....-- ---...| |..-- -- --..---- .| --......-- ..- --........| ... ---.........-- ... ----- |............| ... ---...| --......<....-- .. |.....| |...----....-| . ---....------ --.-- --.....| ---.- |......---..| --- |.....-- |... ---.----..|...--- |...--- ----.- |@h.| |........---------.--- --....-----d--- --.....)...........| |...^.......| |.........------.-- --..--------- ---.|.--.-- --- --- -------- Ergoti the Tenderfoot Experience level: 1 Strength: 14 Dexterity: 11 Constitution: 16 Intelligence: 14 Wisdom: 14 Charisma: 7 Health: 0(13) Energy: 7(7) Def: 9 Gold: 405 Moves: 1958 Dungeon seed: 4rEq0i0qEalK1uOW Game ID: Ergoti_1632243770 Your Inventory: Amulets h - a blessed amulet of magical breathing (being worn) Weapons d - an uncursed +1 elven dagger (weapon in hand) e - a blessed +1 elven bow (alternate weapon; not wielded) g - an uncursed +0 orcish short sword j - an uncursed +0 long sword o - an uncursed +0 orcish dagger p - an uncursed +0 dart v - 7 uncursed +0 daggers x - 12 blessed +2 arrows D - an uncursed +1 dagger M - 54 uncursed +2 elven arrows Q - 38 uncursed +0 elven arrows (in quiver) Armor b - an uncursed +2 elven cloak (being worn) n - an uncursed +1 leather armor (being worn) q - an uncursed +0 orcish helm (being worn) z - an uncursed +0 dwarvish cloak N - an uncursed +0 pair of iron shoes (being worn) Comestibles f - 3 uncursed lembas wafers k - an uncursed tripe ration w - an uncursed food ration Scrolls u - an uncursed scroll of food detection Potions l - an uncursed potion of hallucination Wands C - an uncursed wand of striking (0:6) Tools s - 2 uncursed wax candles (0:400) Gems r - an uncursed worthless piece of red glass y - an uncursed worthless piece of violet glass Coins $ - 405 gold pieces Spells and supernatural/magical abilities: Name Level Category Cost Memory W - pray for help -- divine ? -- Your skills at the end: Fighting Skills wands [Basic] Weapon Skills dagger [Basic] bow [Basic] Spellcasting Skills Final Attributes: You were piously aligned. You were immune to sleep. You saw invisible. You had automatic searching. You had infravision. You were stealthy. You could survive without air. You were lucky. Mars was noncommittal. You are dead. Vanquished creatures: a dwarf a giant bat a gas spore 2 hobbits 2 brown molds 5 gnomes 2 garter snakes 2 geckos 2 jackals a fox 3 goblins 3 sewer rats 2 grid bugs a kobold zombie 8 newts 36 creatures vanquished. Voluntary challenges: You were an atheist. You used a wielded weapon 6 times, starting on turn 679. You were illiterate. You never genocided any monsters. You never polymorphed an object. You never changed form. You used no wishes. You never split a pudding. You never wrote Elbereth's name. You never violated your personal moral code. Dungeon overview: The Dungeons of Doom: levels 1 to 5 Level 1 a fountain, a vault a long staircase Level 2 a fountain stairs to The Gnomish Mines Level 3 a weapon shop Level 4 a general store, a sink Level 5 The Gnomish Mines: Level 3 <- You were here stairs to The Dungeons of Doom History has recorded: On T:1 you entered the Dungeons of Doom to retrieve the Amulet of Yendor! On T:20 you reached level 2 of The Dungeons of Doom. On T:756 you reached level 1 of The Gnomish Mines. On T:863 you reached level 3 of The Dungeons of Doom. On T:1049 you reached level 4 of The Dungeons of Doom. On T:1348 you reached level 5 of The Dungeons of Doom. Score breakdown: Gold: 405 ( 8873 points) Experience: 1 level ( 0 points) Exploration: 5 levels ( 10.20%) ( 8660 points) Discoveries: 1 item ( 0.34%) ( 1746 points) Valuables value: (no points given unless you survive) Artifact value: 0 ( 0 points) Variety of kills: 15 monsters ( 3.95%) ( 5960 points) Turncount: 1958 turns ( 0 points) Survival: died (score multiplied by 80%) Total score: 20191 Latest messages: The grid bug is killed! Where do you want to travel to? The dwarf queen wields a dagger! The dwarf queen thrusts her dagger at you. The dwarf queen hits! You displace Sirius. You hear some noises nearby. (2x) Sirius bites the dwarf queen. The dwarf queen thrusts her dagger at Sirius. The dwarf queen hits Sirius. The dwarf queen thrusts her dagger at Sirius. The dwarf queen misses Sirius. Sirius bites the dwarf queen. The dwarf queen thrusts her dagger at Sirius. The dwarf queen hits Sirius. The dwarf queen thrusts her dagger at Sirius. The dwarf queen hits Sirius. Sirius bites the dwarf queen. The dwarf queen throws a dagger! You are almost hit by a dagger. D - a dagger. You see here a male jackal corpse. Sirius picks up a male jackal corpse. The hobbit hits! (3x) You die... Final status: Goodbye Ergoti the Ranger, killed by a hobbit... You died in The Gnomish Mines on dungeon level 3 with 20191 points, and 405 pieces of gold, after 1958 moves. You were level 1 with a maximum of 13 hit points when you died.